 Dungeon Crawl Stone Soup version 0.30-a0-596-g0af90f9a20 (webtiles) character file.

Game seed: 3534384558555111253

223 Persephone the Shooter (level 5, -11/42 HPs)
             Began as a Minotaur Hunter on Jan 6, 2023.
             Was an Initiate of Okawaru.
             Mangled by an ogre
             ... wielding a +0 giant club
              (22 damage)
             ... on level 4 of the Dungeon.
             The game lasted 00:06:07 (3025 turns).

Persephone the Shooter (Minotaur Hunter)            Turns: 3025, Time: 00:06:08

Health: -11/42     AC:  7    Str: 16    XL:     5   Next: 66%
Magic:  4/4        EV: 12    Int:  6    God:    Okawaru [......]
Gold:   223        SH:  0    Dex: 15    Spells: 4/4 levels left

rFire   . . .      SeeInvis +    a - +0 shortbow
rCold   . . .      Faith    .    (shield currently unavailable)
rNeg    . . .      Spirit   .    c - +1 leather armour
rPois   .          Reflect  .    (helmet restricted)
rElec   .          Harm     .    i - +2 cloak of the Thief {*Fog Slay-2 SInv Stlth+}
rCorr   .          Rampage  .    (no gloves)
Will    .....                    (no boots)
Stlth   ++                       (no amulet)
HPRegen 0.27/turn                (no ring)
MPRegen 0.09/turn                (no ring)

@: no status effects
A: horns 2, retaliatory headbutt
a: Renounce Religion


You were on level 4 of the Dungeon.
You worshipped Okawaru.
Okawaru was noncommittal.
You visited 2 branches of the dungeon, and saw 5 of its levels.

You collected 223 gold pieces.

Inventory:

Hand Weapons
 a - a +0 shortbow (weapon)
Armour
 c - a +1 leather armour (worn)
 i - the +2 cloak of the Thief (worn) {*Fog Slay-2 SInv Stlth+}
   (You acquired it on level 3 of the Dungeon)

   It may release a thick cloud of smoke when the wearer is hurt.
   Slay:      It affects your accuracy & damage with ranged weapons and melee
   (-2).
   SInv:      It lets you see invisible.
   Stlth:     It makes you more stealthy.
Jewellery
 f - an amulet of faith
Wands
 l - a wand of paralysis (8)
Scrolls
 b - 2 scrolls of immolation
 k - a scroll of enchant armour
 n - 3 scrolls of teleportation
 q - a scroll of fog {unknown}
 r - a scroll of identify
Potions
 d - a potion of haste
 e - 2 potions of curing {unknown}
 g - 2 potions of might {unknown}
 h - a potion of berserk rage {unknown}
 j - a potion of lignification {unknown}
 m - a potion of magic {unknown}
 o - a potion of attraction {unknown}
 p - a potion of heal wounds {unknown}


   Skills:
 - Level 2.4 Fighting
 + Level 7.7 Ranged Weapons
 - Level 2.1 Dodging
 - Level 0.7 Stealth


You had 4 spell levels left.
You didn't know any spells.
Your spell library contained the following spells:

 Spells                   Type           Power      Damage    Failure   Level
 Passage of Golubria      Tloc           0%         N/A       99%         4
 Silence                  Hex/Air        0%         N/A       100%        5
 Lehudib's Crystal Spear  Conj/Erth      0%         10d2      100%        8


Dungeon Overview and Level Annotations

Branches:
Dungeon (4/15)             Temple (1/1) D:4

Altars:
Cheibriados
Dithmenos
Kikubaaqudgha
Okawaru
Qazlal
Ru
Trog
Uskayaw
Vehumet
Xom
Zin
The Shining One

Shops:
D:1 =


Innate Abilities, Weirdness & Mutations

You have a pair of horns on your head.
You reflexively headbutt those who attack you in melee.


Message History

You headbutt the hound! The hound attacks as you move away!
The hound misses you. The hound bites you.
The hound bites you but does no damage. The hound attacks as you move away!
The hound closely misses you. The hound bites you but does no damage.
Fire: a) +0 shortbow
Press: ? - help, Shift-Dir - straight line, f - ogre, p - hound
Aim: an ogre, wielding a +0 giant club (75% to hit)
You shoot an arrow. The arrow hits the hound.
You kill the hound!
Okawaru accepts your kill.
Fire: a) +0 shortbow
Press: ? - help, Shift-Dir - straight line, f/p - ogre
Aim: an ogre, wielding a +0 giant club (75% to hit)
You shoot an arrow. The arrow hits the ogre.
The ogre is lightly wounded.
The ogre barely misses you.
Fire: a) +0 shortbow
Press: ? - help, Shift-Dir - straight line, f/p - ogre
Aim: an ogre, wielding a +0 giant club (lightly wounded, 75% to hit)
You shoot an arrow.
The arrow hits the ogre but does no damage.
The ogre is lightly wounded.
Fire: a) +0 shortbow
Press: ? - help, Shift-Dir - straight line, f/p - ogre
Aim: an ogre, wielding a +0 giant club (lightly wounded, 75% to hit)
You shoot an arrow.
The arrow hits the ogre but does no damage.
The ogre is lightly wounded.
The ogre hits you with a +0 giant club!!
Ouch! That really hurt!
* * * LOW HITPOINT WARNING * * *
Fire: a) +0 shortbow
Press: ? - help, Shift-Dir - straight line, f/p - ogre
Aim: an ogre, wielding a +0 giant club (lightly wounded, 75% to hit)
You shoot an arrow. The arrow hits the ogre!
The ogre is moderately wounded.
The ogre hits you with a +0 giant club!!
Ouch! That really hurt!
You die...

##########
#..###.....#..
#.<......#
#..#..........
#.######.#
#..#.#........# #.#
#.####.............
#.#
#..............##..
#.###
#######.#.###..##..
#...# #.#.# #..##.#
###.# #.#O# #..##.#
#.# #.#@# #..##.# #.#
.>#.# #..##.## #.#
#.....#.###..#...##
#.#
#..####.......###.##
#.# #..# #####..##
##.## #.# #..# #.##
##.#### #.# #..# #.#
#..... #.######.<#
#.## ##.####
#.##......#########.##
##.##


You could see an ogre.

Vanquished Creatures
  A scorpion (D:3)
  A hound (D:4)
  6 adders
  A worm (D:2)
  2 dart slugs
  An orc (D:4)
  5 bats
  5 endoplasms
  3 giant cockroaches
  3 goblins
  9 hobgoblins
  7 jackals
  8 kobolds
  4 quokkas
  4 ball pythons
  5 frilled lizards
  7 rats
72 creatures vanquished.

Notes
Turn   | Place    | Note
-------+----------+-------------------------------------------
     0 | D:1      | Persephone the Minotaur Hunter began the quest for the Orb.
     0 | D:1      | Reached XP level 1. HP: 18/18 MP: 0/0
   213 | D:1      | Reached XP level 2. HP: 25/25 MP: 1/1
   233 | D:1      | Reached skill level 5 in Ranged Weapons
   604 | D:1      | Found Kybaicrop's Jewellery Emporium.
   949 | D:2      | Reached XP level 3. HP: 30/30 MP: 2/2
  1121 | D:2      | Found a glowing silver altar of Zin.
  1372 | D:2      | Reached skill level 6 in Ranged Weapons
  1392 | D:2      | Reached XP level 4. HP: 37/37 MP: 3/3
  1942 | D:3      | Identified a scroll of acquirement
  1942 | D:3      | Acquired the +2 cloak of the Thief {*Fog Slay-2 SInv
                  | Stlth+}
  1942 | D:3      | Found the +2 cloak of the Thief {*Fog Slay-2 SInv Stlth+}
  2018 | D:3      | Noticed a scorpion
  2029 | D:3      | Killed a scorpion
  2030 | D:3      | Reached skill level 7 in Ranged Weapons
  2030 | D:3      | Reached XP level 5. HP: 31/42 MP: 4/4
  2542 | D:4      | Found a staircase to the Ecumenical Temple.
  2555 | Temple   | Entered the Ecumenical Temple
  2831 | Temple   | Became a worshipper of Warmaster Okawaru
  3010 | D:4      | Noticed an ogre
  3025 | D:4      | Mangled by an ogre

Illustrated notes

Levels and vault maps discovered:
D:1:      dpeg_arrival_another_circle, layout_loops_corners, serial_shops,
          nicolae_shop_stone
D:2:      layout_basic, basic_altar
D:3:      layout_rooms
D:4:      layout_loops_ring, minmay_temple_entry_sparse_star
Temple:   minmay_temple_curvy_loop

Skill      XL: |  1  2  3  4 |
---------------+-------------+-----
Ranged Weapons | 5 6 7 |  7.7
Fighting       | |  2.4
Dodging        | |  2.1
Stealth        | |  0.7

Action                   |  1- 3 |  4- 6 || total
-------------------------+-------+-------++-------
 Fire: Shortbow          |    88 |    99 ||   187
  Use: Scroll            |       |     7 ||     7
Armor: Leather armour    |     8 |    11 ||    19
Dodge: Dodged            |    20 |    25 ||    45

Table legend: (Time is in decaauts)
 A = Elapsed time spent in this place.
 B = Non-inter-level travel time spent in this place.
 C = Inter-level travel time spent in this place.
 D = Time resting spent in this place.
 E = Time spent auto-exploring this place.
 F = Levels seen in this place.
 G = Mean time per level.
                   A        B        C        D        E       F      G
               +--------+--------+--------+--------+--------+-----+--------+
         Total |   3065 |   2867 |    198 |      0 |   2434 |   5 |  613.0 |
       Dungeon |   2771 |   2651 |    120 |      0 |   2225 |   4 |  692.8 |
        Temple |    293 |    215 |     78 |      0 |    209 |   1 |  293.0 |
               +--------+--------+--------+--------+--------+-----+--------+

Top non-repeatable levels by time:
     D:2: 1020 daAuts
     D:1: 943 daAuts
     D:3: 615 daAuts
  Temple: 293 daAuts
     D:4: 193 daAuts
